 Dungeon Crawl Stone Soup version 0.25-a0-110-ge29c8f2358 (webtiles) character file.

Game seed: 1126600321773906747, levelgen mode: deterministic

147 Leeroy the Slasher (level 5, -6/41 HPs)
             Began as a Draconian Skald on Nov 19, 2019.
             Mangled by an iguana (9 damage)
             ... on level 4 of the Dungeon.
             The game lasted 00:04:45 (2564 turns).

Leeroy the Slasher (Draconian Skald)                Turns: 2564, Time: 00:04:46

Health: -6/41      AC:  6    Str: 13    XL:     5   Next: 8%
Magic:  8/8        EV: 12    Int: 13    God:
Gold:   299        SH:  0    Dex: 12    Spells: 1/8 levels left

rFire    . . .     SeeInvis .   a - +0 falchion
rCold    . . .     Gourm    .   (no shield)
rNeg     . . .     Faith    .   (armour unavailable)
rPois    .         Spirit   .   (helmet restricted)
rElec    .         Reflect  .   (no cloak)
rCorr    .         Harm     .   q - +0 pair of gloves
MR       .....                  (no boots)
Stlth    +.........             (no amulet)
HPRegen  0.13/turn              (no ring)
MPRegen  0.11/turn              (no ring)

@: lethally poisoned (-6 -> -7)
A: unfitting armour, cold-blooded, AC +5
a: no special abilities


You were on level 4 of the Dungeon.
You were not hungry.

You visited 1 branch of the dungeon, and saw 4 of its levels.

You collected 299 gold pieces.

Inventory:

Hand Weapons
 a - a +0 falchion (weapon)
 b - a +0 short sword
 n - a +0 dagger
 p - a +1 hand axe of pain
Missiles
 t - 9 poisoned darts (quivered)
Armour
 q - a +0 pair of gloves (worn)
Jewellery
 g - a +2 ring of intelligence {unknown}
 h - an uncursed ring of protection from magic {unknown}
Scrolls
 e - 4 scrolls of identify {unknown}
 f - 2 scrolls of remove curse {unknown}
 k - a scroll of immolation {unknown}
 l - 2 scrolls of blinking {unknown}
 m - a scroll of enchant armour {unknown}
 o - 3 scrolls of magic mapping {unknown}
Potions
 d - 2 potions of curing {unknown}
 i - a potion of degeneration {unknown}
 j - 3 potions of heal wounds {unknown}
 r - a potion of resistance {unknown}
 s - a potion of flight {unknown}
Comestibles
 c - 6 rations
 u - 4 chunks of flesh


   Skills:
 - Level 2.1 Fighting
 - Level 4.3 Long Blades
 - Level 2.1 Dodging
 - Level 2.0 Spellcasting
 + Level 2.5 Hexes
 - Level 2.6 Charms


You had one spell level left.
You knew the following spells:

 Your Spells              Type           Power        Failure   Level  Hunger
a - Infusion              Chrm           #...         9%          1    ##.....
b - Spectral Weapon       Hex/Chrm       #.......     26%         3    ####...
c - Regeneration          Chrm/Necr      #.........   41%         3    ####...

Your spell library contained the following spells:

 Spells                   Type           Power        Failure   Level  Hunger
 Beastly Appendage        Tmut           #.....       26%         1    ##.....
 Song of Slaying          Chrm           #.......     13%         2    ###....
 Shroud of Golubria       Chrm/Tloc      #.....       22%         2    ###....
 Sticks to Snakes         Tmut           #.......     36%         2    ###....
 Spider Form              Tmut/Pois      #.........   58%         3    ####...
 Ice Form                 Ice/Tmut       #.......     94%         4    #####..
 Blade Hands              Tmut           #.........   100%        5    ######.


Dungeon Overview and Level Annotations

Branches:
Dungeon (4/15)
 Temple: D:4-7

Altars:

Annotations:
D:4 1 runed translucent door, Slobodan's ghost, novice DrGl


Innate Abilities, Weirdness & Mutations

Your plain brown scales are hard. (AC +5)
You cannot fit into any form of body armour.
You are cold-blooded and may be slowed by cold attacks.


Message History

You feel sick.
The worker ant closely misses you. x2; You riposte.
You barely miss the worker ant.
You tail-slap the worker ant, but do no damage.
The worker ant is moderately wounded.
You feel sick.
You feel sick.
You feel sick.
You feel sick.
You feel sick.
You feel sick.
You feel sick.
You feel sick.
You feel sick.
You feel sick.
You open the door.
A hound and a giant cockroach come into view.
The iguana bites you.
* * * LOW HITPOINT WARNING * * *
You close the door.
You feel sick. The iguana bites you!
You die...

#+ ... .# ..s.
##.# .....
##.#.##
......####.....#
.h....+@la.....#
......####.....#
..... #..####
.... #.## ...
#.# .. #.# . #.#
## #.# .##.#


You could see an iguana and a worker ant.

Vanquished Creatures
  A centaur skeleton (D:4)
  A worker ant (D:4)
  3 adders (D:2)
  An ooze (D:2)
  3 worms (D:2)
  2 dart slugs
  A leopard gecko (D:3)
  An orc (D:2)
  A ball python (D:4)
  3 bats
  A giant cockroach (D:3)
  4 goblins
  6 hobgoblins
  4 jackals (D:1)
  5 kobolds
  2 quokkas
  7 frilled lizards
  8 rats
54 creatures vanquished.

Notes
Turn   | Place    | Note
-------+----------+-------------------------------------------
     0 | D:1      | Leeroy the Draconian Skald began the quest for the Orb.
     0 | D:1      | Reached XP level 1. HP: 17/17 MP: 3/3
   163 | D:1      | Reached XP level 2. HP: 23/24 MP: 5/5
   518 | D:1      | Reached skill level 3 in Long Blades
   880 | D:2      | Reached XP level 3. HP: 26/29 MP: 6/6
   986 | D:2      | Reached skill level 4 in Long Blades
  1309 | D:2      | Learned a level 3 spell: Spectral Weapon
  1461 | D:2      | Reached XP level 4. HP: 36/36 MP: 7/7
  1868 | D:3      | Reached skill level 1 in Hexes
  2333 | D:4      | Learned a level 3 spell: Regeneration
  2378 | D:4      | Reached XP level 5. HP: 41/41 MP: 8/8
  2472 | D:4      | Found a runed translucent door.
  2476 | D:4      | Noticed Slobodan's ghost (novice DrGl)
  2564 | D:4      | Mangled by an iguana

Levels and vault maps discovered:
D:1:      minmay_arrival_stone_box, layout_basic, patterned_corridor
D:2:      layout_basic
D:3:      layout_basic
D:4:      cheibrodos_greedy_goblins, layout_loops_corners, first_ration,
          ebering_ghost_sewer_d, grunt_decor_resistance

Skill      XL: |  1  2  3  4 |
---------------+-------------+-----
Long Blades    | 3 4 |  4.3
Hexes          | 2 |  2.5
Fighting       | |  2.1
Dodging        | |  2.1
Spellcasting   | |  2.0
Charms         | |  2.6

Action                   |  1- 3 |  4- 6 || total
-------------------------+-------+-------++-------
Melee: Falchion          |    95 |    71 ||   166
       Tailslap          |    16 |    12 ||    28
 Stab: Sleeping          |     1 |       ||     1
  Eat: Chunk             |     1 |     2 ||     3
       Ration            |       |     1 ||     1
Armor: Skin              |    31 |    23 ||    54
Dodge: Dodged            |    94 |    57 ||   151
       Rpst.: Falchion   |    40 |    18 ||    58

Table legend:
 A = Non-vault XP
 B = Vault XP
 C = Vault XP percentage of total XP
 D = Non-vault monster count
 E = Vault monster count
 F = Vault count percentage of total count
                 A         B        C        D         E       F
            +---------+---------+-------+---------+---------+-------
      Total |     211 |       0 |   0.0 |      54 |       0 |   0.0
            +---------+---------+-------+---------+---------+-------
        D:1 |      25 |       0 |   0.0 |      14 |       0 |   0.0
        D:2 |      90 |       0 |   0.0 |      24 |       0 |   0.0
        D:3 |      22 |       0 |   0.0 |      13 |       0 |   0.0
        D:4 |      74 |       0 |   0.0 |       3 |       0 |   0.0
            +---------+---------+-------+---------+---------+-------
